AoeStats
← Red Calypso

Lombardia

507066545Analyzed
4v4 RM · 15d ago on Sep 16, 2026· 51m 56s· 8 players
Game mode
Random Map
Map size
Large (8 player)
Population
200
Speed
Normal
Resources
Standard
Victory
Conquest
Starting age
Dark Age
Ending age
Imperial Age
RankedLock teamsTeams togetherTeam positionsShared explorationLock speedFull tech treeHidden civsTurbo modeCheats
Victory
Defeat
🇹🇼 Portuguese · Taiwan
1367
+17
🇫🇷 Berbers · France
1360
+17
🇨🇳 Hindustanis · China
1355
+17
🇨🇳 Inca · China
1340
+18
🇩🇪 Vikings · Germany
1467
-21
🇦🇹 Teutons · Austria
1419
-19
🇩🇪 Georgians · Germany
1387
-17
🇮🇹 Burmese · Italy
1244
-12
usqyn
9:08 Feudal Age
13:55 Castle Age
12:26 Double-Bit Axe
15:10 Bow Saw
14:57 Loom
16:25 Scale Mail Armor
16:29 Horse Collar
21:40 Gold Mining
23:00 Wheelbarrow
23:26 Heavy Plow
24:43 Gold Shaft Mining
24:28 Forging
24:37 Stone Mining
25:01 Andean Sling
29:18 Imperial Age
27:35 Chain Mail Armor
27:56 Iron Casting
27:22 Champi Runner
28:03 Squires
27:49 Arson
29:21 Hand Cart
28:41 Champi Warrior
30:35 Conscription
30:16 Fabric Shields
30:18 Elite Champi Warrior
31:15 Town Watch
36:43 Plate Mail Armor
37:14 Blast Furnace
36:15 Padded Archer Armor
36:33 Andean Sling
36:38 Fletching
37:46 Thumb Ring
37:53 Elite Kamayuk
39:18 Leather Archer Armor
40:32 Hoardings
41:37 Bodkin Arrow
42:13 Ring Archer Armor
43:20 Bracer
42:51 Capped Ram
45:26 Siege Ram
46:46 Pikeman
48:25 Halberdier
49:42 Caravan
51:35 Stone Shaft Mining
51:31 Crop Rotation
Yoshi needs sushi
9:27 Loom
11:58 Feudal Age
12:53 Double-Bit Axe
16:03 Castle Age
16:16 Horse Collar
17:18 Bow Saw
19:49 Town Watch
20:45 Wheelbarrow
26:03 Stone Mining
26:08 Gold Mining
27:10 Heavy Plow
29:54 Stone Shaft Mining
29:45 Hand Cart
30:11 Treadmill Crane
33:14 Imperial Age
32:39 Circumnavigation
33:52 Fletching
34:28 Bloodlines
34:19 Husbandry
33:41 Cavalier
34:28 Scale Barding Armor
34:24 Town Watch
35:21 Conscription
35:51 Chain Barding Armor
37:04 Plate Barding Armor
37:16 Forging
37:57 Bodkin Arrow
38:25 Ballistics
37:58 Guard Tower
38:57 Iron Casting
39:10 Bracer
41:17 Blast Furnace
40:56 Arquebus
41:32 Pikeman
42:12 Scale Mail Armor
42:17 Town Patrol
42:19 Padded Archer Armor
43:21 Chemistry
42:28 Siege Engineers
42:59 Keep
42:35 Masonry
43:25 Chain Mail Armor
42:45 Light Cavalry
43:18 Elite Organ Gun
44:43 Crop Rotation
45:17 Two-Man Saw
45:13 Halberdier
46:19 Caravan
48:35 Leather Archer Armor
48:53 Plate Mail Armor
NightArea86
10:28 Feudal Age
12:12 Loom
18:57 Castle Age
22:19 Fletching
24:35 Double-Bit Axe
29:49 Bow Saw
31:44 Bodkin Arrow
32:11 Scale Barding Armor
33:27 Ballistics
33:28 Town Watch
33:36 Gold Mining
36:21 Padded Archer Armor
37:12 Leather Archer Armor
42:13 Thumb Ring
42:57 Bloodlines
43:17 Horse Collar
47:08 Imperial Age
45:15 Wheelbarrow
45:36 Masonry
46:58 Chain Barding Armor
48:14 Conscription
47:55 Bracer
48:59 Chemistry
48:54 Forging
49:11 Light Cavalry
51:21 Iron Casting
ahjol
8:15 Loom
10:32 Feudal Age
11:11 Double-Bit Axe
12:42 Horse Collar
18:53 Castle Age
17:58 Forging
18:30 Bloodlines
18:23 Gold Mining
18:58 Scale Barding Armor
20:56 Husbandry
21:41 Chain Barding Armor
21:51 Town Watch
26:15 Iron Casting
26:36 Wheelbarrow
30:08 Heavy Plow
30:19 Bow Saw
31:30 Gold Shaft Mining
35:49 Imperial Age
34:01 Stone Mining
34:48 Gold Shaft Mining
36:12 Hand Cart
35:53 Heavy Camel Rider
37:31 Plate Barding Armor
37:26 Imperial Camel Rider
38:13 Caravan
40:21 Two-Man Saw
40:36 Blast Furnace
40:33 Stone Shaft Mining
41:17 Conscription
41:29 Grand Trunk Road
48:20 Hoardings
Red Calypso
7:17 Loom
9:48 Feudal Age
10:23 Double-Bit Axe
12:17 Forging
22:22 Castle Age
21:08 Horse Collar
22:03 Scale Barding Armor
23:30 Bow Saw
25:02 Iron Casting
25:41 Wheelbarrow
27:29 Pikeman
28:09 Squires
32:36 Man-at-Arms
33:19 Scale Mail Armor
33:37 Stone Mining
34:27 Chain Mail Armor
37:19 Hand Cart
38:04 Stone Shaft Mining
37:20 Gold Mining
38:18 Heavy Plow
41:15 Imperial Age
39:49 Fortified Wall
39:50 Masonry
39:09 Long Swordsman
40:03 Gambesons
41:09 Ironclad
42:26 Crop Rotation
42:59 Two-Man Saw
41:33 Two-Handed Swordsman
42:35 Conscription
41:45 Halberdier
43:28 Plate Mail Armor
44:29 Blast Furnace
47:21 Chemistry
vR-MrReD
6:55 Loom
9:57 Feudal Age
11:22 Double-Bit Axe
14:03 Fletching
14:53 Padded Archer Armor
23:16 Castle Age
22:26 Gold Mining
22:19 Horse Collar
23:39 Crossbowman
24:16 Bodkin Arrow
24:32 Forging
24:23 Pikeman
26:27 Bow Saw
28:14 Heated Shot
28:47 Ballistics
28:56 Leather Archer Armor
29:44 Town Watch
34:35 Heavy Plow
35:50 Caravan
36:21 Coinage
41:32 Imperial Age
40:54 Gold Shaft Mining
40:10 Stone Mining
42:20 Fortified Wall
43:13 Chemistry
42:24 Fortified Wall
41:38 Arbalester
42:20 Bracer
42:51 Ring Archer Armor
42:22 Scale Mail Armor
42:57 Ring Archer Armor
42:47 Scale Mail Armor
43:22 Iron Casting
42:50 Squires
44:12 Two-Man Saw
44:17 Arson
45:18 Chain Mail Armor
45:36 Bogsveigar
46:06 Conscription
47:11 Blast Furnace
47:58 Banking
LukasPlanet
4:17 Loom
8:54 Feudal Age
9:52 Double-Bit Axe
9:49 Horse Collar
17:09 Wheelbarrow
20:52 Castle Age
19:04 Gold Mining
23:42 Bloodlines
23:32 Husbandry
24:30 Scale Barding Armor
24:35 Forging
25:35 Chain Barding Armor
25:27 Heavy Plow
26:38 Iron Casting
27:26 Chain Barding Armor
28:09 Bow Saw
30:52 Hand Cart
32:54 Stone Mining
38:04 Imperial Age
39:54 Plate Barding Armor
40:20 Blast Furnace
39:36 Aznauri Cavalry
42:41 Conscription
42:27 Elite Monaspa
47:16 Hoardings
48:57 Fletching
Dagoth_Ur
4:58 Loom
11:30 Feudal Age
16:11 Castle Age
15:48 Horse Collar
21:28 Gold Mining
22:40 Scale Barding Armor
22:49 Padded Archer Armor
26:20 Husbandry
28:22 Wheelbarrow
29:02 Bloodlines
33:55 Hand Cart
38:40 Imperial Age
36:34 Pikeman
37:15 Squires
41:56 Scale Mail Armor
42:07 Forging
41:40 Halberdier
41:41 Man-at-Arms
42:07 Gambesons
44:32 Conscription
44:24 Manipur Cavalry
44:33 Manipur Cavalry
44:31 Onager
45:06 Long Swordsman
46:05 Chain Mail Armor
46:25 Iron Casting
49:23 Plate Mail Armor
49:54 Blast Furnace
Connection lost

Rejoining the realm…

Still unreachable

The connection could not be restored.

Session expired

The server has moved on; the page needs a fresh start.